 Dungeon Crawl Stone Soup version 0.31-a0-133-gaae73658be (webtiles) character file.

Game seed: 10968211206388853112

3212 porpoise the Fighter (level 10, 0/78 HPs)
             Began as a Djinni Fire Elementalist on June 3, 2023.
             Was a Follower of Makhleb.
             Slain by Joseph
             ... wielding a +0 quarterstaff
              (19 damage)
             ... on level 8 of the Dungeon.
             The game lasted 00:35:28 (9887 turns).

porpoise the Fighter (Djinni Fire Elementalist)     Turns: 9887, Time: 00:35:28

Health: 0/78       AC:  7    Str:  7    XL:     10   Next: 17%
Gold:   165        EV: 15    Int: 21    God:    Makhleb [*.....] SH:  0 Dex: 20

rFire   + + +        a - +6 hammer of porpoise's Terror {drain, rF+ Stlth+}
rCold   . . .        (no shield)
rNeg    . . .        p - +0 robe
rPois   ∞            C - +2 hat
rElec   .            o - +1 cloak
rCorr   .            N - +0 pair of gloves
SInv    .            (boots unavailable)
Will    +....        M - amulet of regeneration
Stlth   +++          b - ring of protection from cold
HPRegen 1.13/turn    P - +6 ring of dexterity
MPRegen 0.00/turn

%: infuse magic (-1 HP)
@: flying
A: sickness immunity, fire resistance 2, cold vulnerability 1, float, innate
caster, HP casting, extra vitality 1
a: Renounce Religion


You were on level 8 of the Dungeon.
You worshipped Makhleb.
Makhleb was aware of your devotion.
You visited 1 branch of the dungeon, and saw 8 of its levels.
You also visited: Sewer.

You collected 344 gold pieces.
You spent 179 gold pieces at shops.

Inventory:

Hand Weapons
 a - the +6 hammer of porpoise's Terror (weapon) {drain, rF+ Stlth+}
   (You found it on level 2 of the Dungeon)

   rF:        It protects you from fire.
   Stlth:     It makes you more stealthy.
Missiles
 n - 8 curare-tipped darts
 q - 36 poisoned darts (quivered)
 v - a boomerang
Armour
 o - a +1 cloak (worn)
 p - a +0 robe (worn)
 C - a +2 hat (worn)
 I - the +2 buckler "Sacutari" {-Tele Str+9 Int-5 Dex+2}
   (You found it on level 7 of the Dungeon)

   Str:       It affects your strength (+9).
   Int:       It affects your intelligence (-5).
   Dex:       It affects your dexterity (+2).
   -Tele:     It prevents most forms of teleportation.
 N - a +0 pair of gloves (worn)
Magical Staves
 B - a staff of air
 J - a staff of earth
Jewellery
 b - a ring of protection from cold (left hand)
 h - an amulet of reflection
 t - a +6 ring of strength
 E - a ring of protection from fire
 F - a ring of fire
 M - an amulet of regeneration (around neck)
 P - a +6 ring of dexterity (right hand)
Wands
 u - a wand of flame (6)
 D - a wand of digging (4)
Scrolls
 c - 2 scrolls of magic mapping
 e - 2 scrolls of teleportation
 g - a scroll of noise {unknown}
 j - a scroll of vulnerability {unknown}
 l - a scroll of fear {unknown}
 s - a scroll of enchant armour
 y - a scroll of immolation
 z - 3 scrolls of torment
 O - a scroll of blinking
Potions
 d - a potion of ambrosia
 f - 3 potions of haste
 i - 7 potions of lignification
 k - 4 potions of might
 m - a potion of berserk rage
 r - 3 potions of invisibility
 w - 3 potions of curing
 x - a potion of mutation
 A - 2 potions of enlightenment
 G - a potion of cancellation
 K - a potion of attraction
 L - a potion of magic {unknown}


   Skills:
 - Level 9.0 Fighting
 + Level 5.0 Dodging
 - Level 1.6 Stealth
 - Level 7.0 Spellcasting
 - Level 7.0 Conjurations
 - Level 7.0 Hexes
 - Level 7.0 Summonings
 - Level 7.0 Necromancy
 - Level 7.0 Translocations
 - Level 7.0 Transmutations
 - Level 7.0 Fire Magic
 - Level 7.0 Ice Magic
 - Level 7.0 Air Magic
 - Level 7.0 Earth Magic
 - Level 7.0 Poison Magic
 + Level 3.9 Invocations


You knew the following spells:

 Your Spells              Type           Power      Damage    Failure   Level
a - Foxfire               Conj/Fire      100%       2x1d9     1%          1
b - Searing Ray           Conj           72%        2d7       1%          2
c - Volatile Blastmotes   Fire/Tloc      72%        2d16      1%          3
d - Vampiric Draining     Necr           36%        2d8       1%          3
e - Flame Wave            Conj/Fire      36%        2d10      4%          4
f - Shock                 Conj/Air       100%       1d9       1%          1
g - Summon Ice Beast      Ice/Summ       36%        N/A       4%          4
i - Inner Flame           Hex/Fire       36%        N/A       1%          3
s - Scorch                Fire           72%        2d8       1%          2
Your spell library was empty.

Dungeon Overview and Level Annotations

Branches:
Dungeon (8/15)             Temple (0/1) D:7           Sewer (visited)
   Lair: D:8-11

Altars:
Fedhas
Gozag
Hepliaklqana
Makhleb
Xom

Shops:
D:7 **[

Annotations:
D:1 1 runed translucent door
D:8 Joseph


Innate Abilities, Weirdness & Mutations

You are immune to sickness and miasma.
You are immune to poison.
Your flesh is very heat resistant. (rF++)
You are vulnerable to cold. (rC-)
You float through the air rather than walking.
You learn spells naturally, not from books.
Your magical power is your life essence.
You have superior vitality. (+4 MHP)


Message History

Aiming: Searing Ray (safe; 1% risk of failure)
Press: ? - help, Shift-Dir - straight line, f - Joseph
Aim: Joseph, wielding a +0 sling and wearing a +0 leather armour (moderately wounded, more vulnerable to fire, 81% to hit)
The searing ray hits Joseph!
Joseph is heavily wounded. (Press . to maintain the ray.) Joseph shoots a sling bullet.
The sling bullet hits you!
The searing ray hits Joseph.
Joseph is heavily wounded.
The searing ray hits Joseph.
Joseph is severely wounded.
Joseph unwields a +0 sling.
Joseph wields a +0 quarterstaff.
Joseph drinks a potion.
Joseph goes berserk!
The searing ray misses Joseph.
You finish channelling your searing ray.
Joseph hits you with a +0 quarterstaff!
Casting: Searing Ray (safe; 1% risk of failure)
Confirm with . or Enter, or press ? or * to list all spells.
Flames lash Joseph.
Joseph is burned terribly!
Joseph is severely wounded.
Joseph closely misses you.
Unknown command.
Casting: Scorch (safe; 1% risk of failure)
Confirm with . or Enter, or press ? or * to list all spells.
Flames lash Joseph.
Joseph is burned terribly!
Joseph is almost dead.
Joseph hits you with a +0 quarterstaff! Joseph closely misses you.
Unknown command.
Casting: Scorch (safe; 1% risk of failure)
Confirm with . or Enter, or press ? or * to list all spells.
Flames lash Joseph.
Joseph is burned terribly!
Joseph is almost dead.
* * * LOW HITPOINT WARNING * * *
Joseph hits you with a +0 quarterstaff!!
* * * LOW HITPOINT WARNING * * *
Unknown command.
You feel much better. Joseph hits you with a +0 quarterstaff!
* * * LOW HITPOINT WARNING * * *
Joseph hits you with a +0 quarterstaff!!
You die...

##..###.)...
....#......
##...#......
#...........
#...........
#...........
###...........
#..@@.......#.
#...##.#......
#.....##.##.....
#......#<........
.......#.........
.......#.##......
.......... #.....
.......... .....
...... ....


You could see Joseph (berserk, combustible).

Vanquished Creatures
  A troll (D:7)
  3 black bears
  An ogre (D:4)
  An orc warrior (D:6)
  An ice beast (D:5)
  2 sky beasts
  A centaur (D:6)
  7 kobold brigands
  7 scorpions
  5 killer bees (D:7)
  5 hounds
  4 orc priests
  Crazy Yiuf (D:2)
  3 jellies
  4 iguanas
  Natasha (thrice) (D:4)
  2 orc wizards (D:4)
  Ijyb (D:3)
  Robin (D:3)
  7 gnolls (D:5)
  18 adders
  3 river rats
  A shadow imp (D:6)
  A white imp (D:7)
  3 ufetubi
  5 worms
  A dart slug (D:1)
  18 orcs
  7 bats
  10 endoplasms
  4 giant cockroaches
  6 goblins
  16 hobgoblins
  A jackal (D:4)
  17 kobolds
  A quokka (D:3)
  15 ball pythons
  3 frilled lizards
  11 rats
201 creatures vanquished.

Vanquished Creatures (others)
  139 foxfires
139 creatures vanquished.

Grand Total: 340 creatures vanquished

Notes
Turn   | Place    | Note
-------+----------+-------------------------------------------
     0 | D:1      | porpoise the Djinni Fire Elementalist began the quest for
                  | the Orb.
     0 | D:1      | porpoise set off with the following spells memorised:
                  | Foxfire, Scorch, Volatile Blastmotes, Inner Flame, Flame
                  | Wave.
     0 | D:1      | Reached XP level 1. HP: 15/15 MP: 0/0
     2 | D:1      | Found a runed translucent door.
   356 | D:1      | Reached skill level 1 in Fighting
   370 | D:1      | Reached XP level 2. HP: 21/22 MP: 0/0
   859 | D:2      | Reached skill level 2 in Fighting
   859 | D:2      | Reached XP level 3. HP: 26/28 MP: 0/0
   859 | D:2      | Learned a level 1 spell: Shock
   964 | D:2      | Reached skill level 3 in Fighting
   983 | D:2      | Reached XP level 4. HP: 34/35 MP: 0/0
  1724 | D:2      | Reached skill level 4 in Fighting
  1732 | D:2      | Reached XP level 5. HP: 34/41 MP: 0/0
  1732 | D:2      | Learned a level 2 spell: Searing Ray
  1905 | D:2      | Found a runed translucent door.
  1906 | D:2      | Noticed Crazy Yiuf
  1912 | D:2      | Killed Crazy Yiuf
  1921 | D:2      | Identified the +6 hammer of porpoise's Terror {drain, rF+
                  | Stlth+}
  2362 | D:3      | Found a glowing drain.
  2377 | Sewer    | Entered a sewer
  2425 | Sewer    | Noticed a kobold brigand
  2425 | Sewer    | Noticed a kobold brigand
  2434 | Sewer    | Killed a kobold brigand
  2435 | Sewer    | Reached skill level 5 in Fighting
  2435 | Sewer    | Reached XP level 6. HP: 23/49 MP: 0/0
  3162 | Sewer    | Reached XP level 7. HP: 45/54 MP: 0/0
  3162 | Sewer    | Learned a level 3 spell: Vampiric Draining
  3240 | Sewer    | Reached skill level 5 in Spellcasting
  3240 | Sewer    | Reached skill level 5 in Conjurations
  3240 | Sewer    | Reached skill level 5 in Hexes
  3240 | Sewer    | Reached skill level 5 in Summonings
  3240 | Sewer    | Reached skill level 5 in Necromancy
  3240 | Sewer    | Reached skill level 5 in Translocations
  3240 | Sewer    | Reached skill level 5 in Transmutations
  3240 | Sewer    | Reached skill level 5 in Fire Magic
  3240 | Sewer    | Reached skill level 5 in Ice Magic
  3240 | Sewer    | Reached skill level 5 in Air Magic
  3240 | Sewer    | Reached skill level 5 in Earth Magic
  3240 | Sewer    | Reached skill level 5 in Poison Magic
  3959 | D:3      | Noticed Robin
  3964 | D:3      | Killed Robin
  4091 | D:3      | Found a faded altar of an unknown god.
  4175 | D:3      | Identified the +0 leather armour of Lagisir {rC- Int+2
                  | SInv}
  4289 | D:3      | Noticed Ijyb
  4303 | D:3      | Killed Ijyb
  4304 | D:3      | Reached XP level 8. HP: 17/60 MP: 0/0
  5400 | D:4      | Reached skill level 6 in Fighting
  5737 | D:4      | Noticed Natasha
  5745 | D:4      | Killed Natasha
  6282 | D:4      | Noticed Natasha
  6286 | D:4      | Killed Natasha
  6337 | D:4      | Noticed Natasha
  6343 | D:4      | Killed Natasha
  6383 | D:5      | Entered Level 5 of the Dungeon
  6404 | D:5      | Found an opulent altar of Gozag.
  6766 | D:5      | Found a burning altar of Makhleb.
  6790 | D:5      | Became a worshipper of Makhleb the Destroyer
  6857 | D:5      | Reached skill level 7 in Fighting
  6930 | D:5      | Reached XP level 9. HP: 39/68 MP: 0/0
  6930 | D:5      | Learned a level 4 spell: Summon Ice Beast
  7319 | D:5      | Reached skill level 8 in Fighting
  8360 | D:6      | Found a shimmering altar of Xom.
  8377 | D:6      | Found a shimmering altar of Xom.
  8378 | D:6      | Found a shimmering altar of Xom.
  8383 | D:6      | Reached skill level 9 in Fighting
  8419 | D:6      | Found a shimmering altar of Xom.
  8419 | D:6      | Found a shimmering altar of Xom.
  8420 | D:6      | Found a shimmering altar of Xom.
  8452 | D:6      | Reached * piety under Makhleb
  8532 | D:6      | Found a blossoming altar of Fedhas.
  8670 | D:6      | Reached skill level 1 in Invocations
  9093 | D:7      | Found a staircase to the Ecumenical Temple.
  9162 | D:7      | Reached XP level 10. HP: 75/78 MP: 0/0
  9419 | D:7      | Found Heej's Armour Shop.
  9440 | D:7      | Found Lithronnui's General Store.
  9452 | D:7      | Identified the +2 buckler "Sacutari" {-Tele Str+9 Int-5
                  | Dex+2}
  9500 | D:7      | Found Cetahis's General Store.
  9507 | D:7      | Reached skill level 5 in Dodging
  9671 | D:7      | Bought a +0 pair of gloves for 67 gold pieces
  9671 | D:7      | Bought a scroll of blinking for 112 gold pieces
  9701 | D:7      | Found a hazy altar of Hepliaklqana.
  9875 | D:8      | Noticed Joseph
  9886 | D:8      | HP: 1/78 [Joseph/+0 quarterstaff (23)]
  9887 | D:8      | Slain by Joseph

Illustrated notes

Levels and vault maps discovered:
D:1:      dpeg_arrival_caged_fury, layout_basic, solitary_fountain,
          minmay_pentomino_r2
D:2:      layout_basic, grunt_ministairs_1, minmay_vboxes,
          uniq_crazy_yiuf_cottage
D:3:      layout_loops_ring, ebering_ecumenical_altar_mist,
          gup_sewer_entry_bowl, uniq_robin, uniq_ijyb
D:4:      layout_loops_ring, mrwooster_statue_mirror, grunt_ministairs_13,
          grunt_tough_drop, uniq_natasha
D:5:      old_forge, layout_loops_ring, nicolae_overflow_crystal_walls,
          overflow_temple_1_default, nrook_uturn, hangedman_decor_diamond_cutter
D:6:      hellmonk_destroyed_diamonds, layout_loops_cross,
          general_overflow_altar, xom_redecorated
D:7:      layout_rooms, mainiacjoe_overflow_alcove_4, temple_fountains,
          serial_shops, nicolae_diamond_shop, nicolae_shop_crystal,
          nicolae_shop_gibbet_a_chance
D:8:      layout_cave_pools, st_stairs_8, uniq_joseph

Skill      XL: |  1  2  3  4  5  6  7  8  9 10 |
---------------+-------------------------------+-----
Spellcasting   | 4 5 6 7 |  7.0
Conjurations   | 4 5 6 7 |  7.0
Hexes          | 4 5 6 7 |  7.0
Summonings     | 4 5 6 7 |  7.0
Necromancy     | 4 5 6 7 |  7.0
Translocations | 4 5 6 7 |  7.0
Transmutations | 4 5 6 7 |  7.0
Fire Magic     | 4 5 6 7 |  7.0
Ice Magic      | 4 5 6 7 |  7.0
Air Magic      | 4 5 6 7 |  7.0
Earth Magic    | 4 5 6 7 |  7.0
Poison Magic   | 4 5 6 7 |  7.0
Fighting       | 1 2 3 4 5 7 9 |  9.0
Invocations    | 2 3 |  3.9
Dodging        | 3 5 |  5.0
Stealth        | |  1.6

Action                     |  1- 3 |  4- 6 |  7- 9 | 10-12 || total
---------------------------+-------+-------+-------+-------++-------
  Melee: Unarmed           |     4 |    10 |       |       ||    14
         Mace              |       |     7 |    40 |     1 ||    48
         Punch             |       |       |     1 |       ||     1
  Throw: Dart              |       |       |     4 |       ||     4
   Cast: Foxfire           |    35 |    37 |    12 |     1 ||    85
         Scorch            |       |    17 |    28 |     7 ||    52
         Searing Ray       |       |    11 |    77 |     8 ||    96
         Vampiric Draining |       |       |     2 |       ||     2
         Shock             |       |       |     1 |       ||     1
         Inner Flame       |       |       |     1 |       ||     1
         Flame Wave        |       |       |     2 |       ||     2
    Use: Scroll            |       |     2 |    13 |     2 ||    17
         Potion            |       |       |       |     1 ||     1
   Stab: Sleeping          |       |       |     3 |       ||     3
 Armour: Robe              |     1 |     3 |    24 |     5 ||    33
  Dodge: Dodged            |     4 |    22 |    61 |    23 ||   110
  Block: Other             |       |    10 |    28 |       ||    38
         Reflection        |       |       |     1 |       ||     1

Table legend: (Time is in decaauts)
 A = Elapsed time spent in this place.
 B = Non-inter-level travel time spent in this place.
 C = Inter-level travel time spent in this place.
 D = Time resting spent in this place.
 E = Time spent auto-exploring this place.
 F = Levels seen in this place.
 G = Mean time per level.
                   A        B        C        D        E       F      G
               +--------+--------+--------+--------+--------+-----+--------+
         Total |   9908 |   9653 |    255 |   3407 |   4853 |   9 | 1100.9 |
       Dungeon |   8499 |   8244 |    255 |   2603 |   4483 |   8 | 1062.4 |
         Sewer |   1408 |   1408 |      0 |    804 |    370 |   1 | 1408.0 |
               +--------+--------+--------+--------+--------+-----+--------+

Top non-repeatable levels by time:
     D:5: 1808 daAuts
     D:4: 1687 daAuts
   Sewer: 1408 daAuts
     D:2: 1206 daAuts
     D:1: 1097 daAuts
     D:3: 998 daAuts
     D:6: 908 daAuts
     D:7: 777 daAuts
     D:8: 15 daAuts
